[Event "Late-Titled-Tuesday-Blitz-May-14-2024"]
[Site "Chess.com"]
[Date "2024.05.14"]
[Round "1"]
[White "manitodeplomo"]
[Black "th3d4rkness"]
[Result "0-1"]
[WhiteElo "2561"]
[BlackElo "2179"]
[TimeControl "180+1"]
[EndTime "14:05:10 PDT"]
[Termination "th3d4rkness won by resignation"]

1. d4 Nf6 2. c4 e6 3. Nf3 Bb4+ 4. Bd2 c5 5. Bxb4 cxb4 6. Qd3 O-O 7. e4 d5 8. e5 dxc4 9. Qxc4 Nd5 10. Nbd2 b6 11. Rc1 Ba6 12. Qc2 Bxf1 13. Kxf1 Nd7 14. g3 Qe7 15. Kg2 f5 16. exf6 Rxf6 17. Rhe1 Raf8 18.
Qc6 Qf7 19. Re2 Rxf3 20. Rf1 Rf6 21. Ne4 Rh6 22. h4 Qf3+ 0-1

[Event "Late-Titled-Tuesday-Blitz-May-14-2024"]
[Site "Chess.com"]
[Date "2024.05.14"]
[Round "1"]
[White "javierfreilemartin"]
[Black "Malev212"]
[Result "0-1"]
[WhiteElo "2306"]
[BlackElo "2625"]
[TimeControl "180+1"]
[EndTime "14:05:11 PDT"]
[Termination "Malev212 won by resignation"]

1. c4 g6 2. Nc3 Bg7 3. d4 d6 4. e4 c5 5. d5 Bxc3+ 6. bxc3 e5 7.
Be2 Qe7 8. g4 f5 9. gxf5 gxf5 10.
Bh5+ Kd8 11. Nf3 f4 12. Rg1 Nf6 13. Ng5 Kc7 14. Bf7 Nxe4 15. Nxe4 Qxf7 16. Ba3 Bf5 17.
Ng5 Qe8 18. Ne6+ Bxe6 19. dxe6 Qxe6 20. Rg7+ Nd7 21. Rb1 Rag8 22. Rxg8 Rxg8 23. Kd2 Qxc4 24. Qh5 Qxa2+ 25. Rb2 Qxa3 26. Kc2 Qa4+ 27. Kd2 Rg2 28. Qe8 Rxf2+ 29. Ke1 Rxb2 0-1

[Event "Late-Titled-Tuesday-Blitz-May-14-2024"]
[Site "Chess.com"]
[Date "2024.05.14"]
[Round "1"]
[White "kingofthenil"]
[Black "adriangschnitzer"]
[Result "1-0"]
[WhiteElo "2862"]
[BlackElo "2472"]
[TimeControl "180+1"]
[EndTime "14:05:12 PDT"]
[Termination "kingofthenil won by checkmate"]

1. d4 Nf6 2. c4 c5 3. d5 b5 4.
cxb5 a6 5. e3 g6 6. Nc3 Bg7 7. a4 O-O 8. Ra3 Bb7 9. Nh3 e6 10.
Nf4 g5 11. Nd3 c4 12. Nc5 Bxd5 13. e4 d6 14. exd5 exd5 15. Nxa6 d4 16. Qxd4 Re8+ 17. Be2 Ne4 18. Qd5 Nxc3 19. bxc3 Nxa6 20. bxa6 Rb8 21. Be3 Rb1+ 22. Bd1 Re5 23. Qd2 f5 24. O-O f4 25.
Bd4 Rd5 26. Bf3 Rxf1+ 27. Kxf1 Ra5 28. a7 d5 29. Bxg7 Kxg7 30. Qd4+ Kg6 31. Ra1 Qa8 32. Rb1 Qxa7 33. Rb6+ Kf7 34. Qf6+ Ke8 35. Re6+ Kd7 36. Re7+ Kd8 37. Qf8# 1-0

[Event "Late-Titled-Tuesday-Blitz-May-14-2024"]
[Site "Chess.com"]
[Date "2024.05.14"]
[Round "1"]
[White "TheWiscoIndian"]
[Black "Artem_Koval"]
[Result "0-1"]
[WhiteElo "2203"]
[BlackElo "2580"]
[TimeControl "180+1"]
[EndTime "14:05:13 PDT"]
[Termination "Artem_Koval won by resignation"]

1. Nf3 d5 2. b3 Nf6 3. g3 Bf5 4. Bb2 e6 5. d3 Be7 6. Bg2 O-O 7. O-O h6 8. c4 c6 9. Nbd2 a5 10. cxd5 exd5 11. Re1 Bh7 12. e4 Na6 13. e5 Nd7 14.
Nd4 Ndc5 15. e6 Nxd3 16. exf7+ Rxf7 17. Ne6 Qd7 18. Bc3 Nxe1 19. Qxe1 Re8 20. Nd4 Bf6 21. Qf1 Nb4 22. Re1 Rxe1 23. Qxe1 Re7 24. Qd1 c5 25.
Ne2 Bc2 26. Qe1 Bxc3 0-1

[Event "Late-Titled-Tuesday-Blitz-May-14-2024"]
[Site "Chess.com"]
[Date "2024.05.14"]
[Round "1"]
[White "Zhigalko_Sergei"]
[Black "amylazy"]
[Result "1-0"]
[WhiteElo "2854"]
[BlackElo "2476"]
[TimeControl "180+1"]
[EndTime "14:05:16 PDT"]
[Termination "Zhigalko_Sergei won by resignation"]

1. g4 d5 2. Bg2 Nc6 3. g5 h5 4. c4 d4 5. d3 e5 6. h4 Bb4+ 7. Nd2 Nge7 8. a3 Bd6 9. Ne4 Nf5 10.
b4 Be6 11. Nf3 O-O 12. b5 Na5 13. Bd2 c5 14. Nxd6 Nxd6 15. Nxe5 Rb8 16. Qa4 b6 17.
Bxa5 bxa5 18. Nc6 Qc7 19. Qxa5 Qxa5+ 20. Nxa5 Bf5 21. Nc6 Rbe8 22. Kd2 Bg4 23. Rae1 f6 24.
g6 Kh8 25. Nxa7 Bf5 26. a4 Bxg6 27. a5 Nf7 28. a6 Ne5 29. Nc6 Ng4 30. Rhf1 Nh2 31.
b6 Nxf1+ 32. Rxf1 Bf5 33. b7 Bg4 34. Re1 g5 35. a7 gxh4 36. b8=Q Rxb8 37. Nxb8 1-0

[Event "Late-Titled-Tuesday-Blitz-May-14-2024"]
[Site "Chess.com"]
[Date "2024.05.14"]
[Round "1"]
[White "MITerryble"]
[Black "TheDiscoOne"]
[Result "1-0"]
[WhiteElo "3014"]
[BlackElo "2532"]
[TimeControl "180+1"]
[EndTime "14:05:21 PDT"]
[Termination "MITerryble won on time"]

1. e4 c5 2. Nf3 g6 3. d4 cxd4 4. Qxd4 Nf6 5. Nc3 Nc6 6. Qa4 d6 7. e5 dxe5 8. Nxe5 Bd7 9. Nxd7 Nxd7 10. Be3 Bg7 11. Bb5 Qc8 12. O-O a6 13. Be2 O-O 14. Rad1 b5 15. Qh4 Nde5 16. Nd5 Qb7 17. b3 Rad8 18.
f4 e6 19. Nf6+ Bxf6 20. Qxf6 Nd7 21. Qh4 Nb6 22. f5 exf5 23. Bh6 Rxd1 24. Rxd1 Qe7 25.
Qxe7 Nxe7 26. Bxf8 Kxf8 27. Rd8+ Kg7 28. Rd6 Nbd5 29.
Rxa6 Nc3 30. Bd3 b4 31. a4 bxa3 32. Rxa3 Ned5 33. b4 Ne4 34. Bxe4 fxe4 35. b5 f5 36. Rb3 Nb6 37. c4 1-0

[Event "Late-Titled-Tuesday-Blitz-May-14-2024"]
[Site "Chess.com"]
[Date "2024.05.14"]
[Round "1"]
[White "GlavkonVVS"]
[Black "rhwr"]
[Result "1-0"]
[WhiteElo "2641"]
[BlackElo "2324"]
[TimeControl "180+1"]
[EndTime "14:05:23 PDT"]
[Termination "GlavkonVVS won by resignation"]

1. c4 e5 2. Nc3 Nf6 3. g3 Bb4 4. Bg2 Bxc3 5. bxc3 O-O 6. Nf3 Re8 7. O-O Nc6 8. d3 d6 9. Rb1 Nd7 10. Nh4 Nb6 11.
e4 Ne7 12. f4 Ng6 13. Nf5 Ne7 14. Ne3 c6 15. f5 f6 16. g4 c5 17. h4 Bd7 18. g5 Nc6 19. Qg4 Qe7 20. Rf3 Kh8 21.
Rg3 Rg8 22. Kh2 Rad8 23. Bd2 Bc8 24. Rg1 fxg5 25. hxg5 g6 26. Qh4 Na4 27. Bh3 gxf5 28. exf5 Nb2 29. Nd5 Qf8 30. g6 Rg7 31. f6 1-0

[Event "Late-Titled-Tuesday-Blitz-May-14-2024"]
[Site "Chess.com"]
[Date "2024.05.14"]
[Round "1"]
[White "ChristopherYoo"]
[Black "DishonorOnYourCow"]
[Result "1-0"]
[WhiteElo "3001"]
[BlackElo "2529"]
[TimeControl "180+1"]
[EndTime "14:05:24 PDT"]
[Termination "ChristopherYoo won by resignation"]

1. e4 c5 2. Nf3 d6 3. d4 cxd4 4. Nxd4 Nf6 5. Nc3 a6 6. Bg5 Nbd7 7. Qe2 h6 8. Bh4 g6 9. f4 e5 10. fxe5 dxe5 11. O-O-O Qc7 12. Nb3 b5 13. Rxd7 Nxd7 14. Nd5 Qb8 15. Qd2 Bb7 16. Na5 Bc5 17. Be2 O-O 18.
Nxb7 Qxb7 19. Qxh6 Qc6 20. Bg4 f5 21. exf5 Qxd5 22.
fxg6 Be3+ 23. Qxe3 Nf6 24. Qh6 Ra7 25. Rf1 Qc5 26.
Be6+ 1-0

[Event "Late-Titled-Tuesday-Blitz-May-14-2024"]
[Site "Chess.com"]
[Date "2024.05.14"]
[Round "1"]
[White "dianamirza"]
[Black "kylelancman"]
[Result "0-1"]
[WhiteElo "1948"]
[BlackElo "2555"]
[TimeControl "180+1"]
[EndTime "14:05:26 PDT"]
[Termination "kylelancman won by resignation"]

1. e4 c5 2. Nf3 g6 3. d4 cxd4 4. Nxd4 Nc6 5. Nc3 Bg7 6. Be3 Nf6 7. f3 O-O 8. Qd2 d5 9. O-O-O dxe4 10. Nxc6 Qxd2+ 11.
Rxd2 bxc6 12. fxe4 Ng4 13. Bc5 Bh6 14. Bxe7 Re8 15.
Bc5 Nf6 16. Bd3 Nd7 17. Ba3 Ne5 18. Rf1 Rd8 19. Kd1 Bxd2 20. Kxd2 Nc4+ 21. Ke2 Nxa3 22. bxa3 Be6 23. e5 Rab8 24. Na4 Bxa2 25. Nc5 Bd5 26. g3 Rb2 27. Ne4 Bxe4 28. Bxe4 Re8 29. Bxc6 Rxc2+ 0-1

[Event "Late-Titled-Tuesday-Blitz-May-14-2024"]
[Site "Chess.com"]
[Date "2024.05.14"]
[Round "1"]
[White "djano"]
[Black "sergoy"]
[Result "0-1"]
[WhiteElo "2531"]
[BlackElo "3012"]
[TimeControl "180+1"]
[EndTime "14:05:28 PDT"]
[Termination "sergoy won by resignation"]

1. e4 c5 2. Nc3 d6 3. f4 Nc6 4. Nf3 Nf6 5. Bb5 Bd7 6. O-O g6 7. d3 Bg7 8. Bxc6 Bxc6 9. Qe1 b5 10. Qh4 b4 11. Ne2 a5 12. f5 gxf5 13. exf5 Rg8 14.
Ng3 Qc7 15. a3 b3 16. c3 O-O-O 17. d4 Nd5 18. dxc5 dxc5 19. Qc4 Qb6 20. Ne1 Bb5 21.
Qxb3 Bxf1 22. Qxb6 Nxb6 23. Kxf1 Rd5 24. Ke2 Be5 25.
Ne4 Bxh2 26. f6 Re5 27. Kf3 exf6 28. Nd3 Rf5+ 29. Bf4 Nc4 30. b3 Ne5+ 31. Nxe5 Rxf4+ 32. Ke3 fxe5 0-1

[Event "Late-Titled-Tuesday-Blitz-May-14-2024"]
[Site "Chess.com"]
[Date "2024.05.14"]
[Round "1"]
[White "Mikhail_Golubev"]
[Black "larsmandreassen"]
[Result "1-0"]
[WhiteElo "2605"]
[BlackElo "2239"]
[TimeControl "180+1"]
[EndTime "14:05:28 PDT"]
[Termination "Mikhail_Golubev won by resignation"]

1. e4 d5 2. exd5 Nf6 3. Nf3 Nxd5 4. d4 Bg4 5. Be2 e6 6. O-O Be7 7. h3 Bh5 8. c4 Nf6 9. Nc3 O-O 10. Be3 c6 11. Re1 Nbd7 12. Qd2 a5 13. Rad1 Bb4 14. a3 Ne4 15. Qc1 Nxc3 16. bxc3 Be7 17. c5 Nf6 18. c4 a4 19. Qb2 Ra7 20. Ne5 Bxe2 21. Qxe2 Qa5 22. Rb1 Ne4 23. Qc2 f5 24. f3 Nf6 25.
Rb4 Rd8 26. Reb1 Qa6 27. Rb6 Qa5 28. Bd2 1-0

[Event "Late-Titled-Tuesday-Blitz-May-14-2024"]
[Site "Chess.com"]
[Date "2024.05.14"]
[Round "1"]
[White "osielchesslover2011"]
[Black "varunkrishnanchess"]
[Result "0-1"]
[WhiteElo "2228"]
[BlackElo "2603"]
[TimeControl "180+1"]
[EndTime "14:05:29 PDT"]
[Termination "varunkrishnanchess won by checkmate"]

1. e4 a6 2. d4 e6 3. Nc3 d5 4. e5 c5 5. Nge2 Nc6 6. Be3 Nh6 7. Qd2 Nf5 8. O-O-O c4 9. g4 Nxe3 10. Qxe3 b5 11.
f4 Qa5 12. f5 b4 13. Nb1 Qxa2 14. fxe6 fxe6 15. Nf4 Be7 16. Be2 O-O 17. h4 c3 18.
bxc3 bxc3 19. Nxc3 Qa3+ 20. Kd2 Bb4 21. Nh5 Rf2 22. Rhe1 Na5 23. Qxf2 Qxc3+ 24. Kc1 Ba3+ 25. Kb1 Qb2# 0-1

[Event "Late-Titled-Tuesday-Blitz-May-14-2024"]
[Site "Chess.com"]
[Date "2024.05.14"]
[Round "1"]
[White "chessisveryfun1264"]
[Black "MagnusCarlsen"]
[Result "0-1"]
[WhiteElo "2550"]
[BlackElo "3217"]
[TimeControl "180+1"]
[EndTime "14:05:30 PDT"]
[Termination "MagnusCarlsen won by resignation"]

1. e3 g6 2. Nf3 Bg7 3. d4 b6 4.
b4 Bb7 5. Bb2 d6 6. c4 Nd7 7.
Nbd2 a5 8. a3 e5 9. d5 Ngf6 10.
Be2 O-O 11. O-O Qe7 12. Qc2 Nh5 13. Ne1 f5 14. g3 Ndf6 15. Ng2 Bc8 16. Rac1 axb4 17.
axb4 f4 18. exf4 exf4 19. Rfe1 Qf7 20. Nf3 Bf5 21. Bd3 fxg3 22. fxg3 Nxd5 23. Bxf5 Nxb4 24. Qb3 Qxf5 25. c5+ Qd5 26. Qxd5+ Nxd5 27. Bxg7 Nxg7 28. cxd6 Rxf3 29. Red1 Nc3 30. Nh4 Ne2+ 31. Kg2 Nxc1 32. Nxf3 Nb3 33. dxc7 Ne6 34. Rb1 Nbc5 35. Rxb6 Nxc7 36.
Rc6 N7e6 37. Ne5 Kg7 38. Ng4 Ra2+ 39. Kf3 Nd4+ 0-1

[Event "Late-Titled-Tuesday-Blitz-May-14-2024"]
[Site "Chess.com"]
[Date "2024.05.14"]
[Round "1"]
[White "CheckBits"]
[Black "Incognito_Knight"]
[Result "0-1"]
[WhiteElo "2399"]
[BlackElo "2733"]
[TimeControl "180+1"]
[EndTime "14:05:31 PDT"]
[Termination "Incognito_Knight won by resignation"]

1. d4 d5 2. Nf3 Nf6 3. Bf4 c5 4. e3 Nc6 5. Nbd2 cxd4 6. exd4 Bf5 7. c3 a6 8. Qb3 Qc8 9. Nh4 Bg4 10. h3 Bh5 11.
Bd3 e6 12. a4 Be7 13. a5 Ne4 14. Nhf3 Bg6 15. Bxe4 dxe4 16. Ne5 Nxe5 17. Bxe5 O-O 18. O-O Qc6 19. Rfe1 Rac8 20. Qd1 f6 21. Bh2 f5 22.
Qb3 Bg5 23. Nc4 Qxc4 0-1

[Event "Late-Titled-Tuesday-Blitz-May-14-2024"]
[Site "Chess.com"]
[Date "2024.05.14"]
[Round "1"]
[White "Defend1r"]
[Black "HipsterChess22"]
[Result "1-0"]
[WhiteElo "2579"]
[BlackElo "2198"]
[TimeControl "180+1"]
[EndTime "14:05:32 PDT"]
[Termination "Defend1r won on time"]

1. e4 c6 2. d4 d5 3. e5 c5 4.
dxc5 e6 5. Be3 Nd7 6. c4 Nxe5 7. cxd5 Qxd5 8. Qxd5 exd5 9. Nc3 Be6 10. Bb5+ Nc6 11. O-O-O O-O-O 12. Bxc6 bxc6 13. Nge2 Nf6 14. f3 Nd7 15. b4 Be7 16. Bd4 Bf6 17. Rhe1 Kb7 18. Bxf6 Nxf6 19. Nd4 Rhe8 20. Re3 Bd7 21. Rde1 a6 22.
Kd2 g6 23. Re7 Ne4+ 24. Nxe4 dxe4 25. Rxe8 Bxe8 26. Rxe4 Bd7 27. Re7 Kc8 28. Kc3 1-0

[Event "Late-Titled-Tuesday-Blitz-May-14-2024"]
[Site "Chess.com"]
[Date "2024.05.14"]
[Round "1"]
[White "semchik90"]
[Black "Yaacovn"]
[Result "0-1"]
[WhiteElo "2435"]
[BlackElo "2765"]
[TimeControl "180+1"]
[EndTime "14:05:34 PDT"]
[Termination "Yaacovn won by resignation"]

1. Nf3 b6 2. d4 Nf6 3. c4 e6 4. g3 Bb7 5. Bg2 Be7 6. O-O O-O 7. Nc3 Ne4 8. Qc2 Nxc3 9. bxc3 Bf6 10. e4 g6 11. Bh6 Re8 12. e5 Bg7 13. Bxg7 Kxg7 14. Qd2 d6 15. Qf4 h6 16. h4 Nd7 17. Rfe1 Qe7 18.
a4 Rad8 19. a5 Bxf3 20. Bxf3 dxe5 21. dxe5 Nc5 22. axb6 cxb6 23. Red1 a5 24. Rab1 Rxd1+ 25. Rxd1 a4 26. Bc6 Rd8 27. Rd6 Rxd6 28. exd6 Qf6 29. d7 Qxf4 30. gxf4 Nxd7 31. Bxa4 Nf6 32. Bc2 Nh5 33.
f5 gxf5 34. Kg2 Kf6 35. Kf3 Ke5 36. Ba4 Nf4 37. Be8 f6 38. Ke3 Ng2+ 39. Kd3 Nxh4 40. c5 bxc5 41. Kc4 Kd6 42. Bf7 Nf3 43. Bh5 Ne5+ 44.
Kb5 f4 45. f3 f5 46. c4 Nd3 47. Bf7 Ne5 48. Bh5 Nd7 49. Be8 Nf6 50. Bg6 h5 51. Bf7 h4 0-1

[Event "Late-Titled-Tuesday-Blitz-May-14-2024"]
[Site "Chess.com"]
[Date "2024.05.14"]
[Round "1"]
[White "ELPRIMO0O0"]
[Black "jefferyx"]
[Result "0-1"]
[WhiteElo "2542"]
[BlackElo "3093"]
[TimeControl "180+1"]
[EndTime "14:05:37 PDT"]
[Termination "jefferyx won by resignation"]

1. e4 c6 2. d4 d5 3. e5 Bf5 4. Nc3 h5 5. Nf3 e6 6. Bd3 Ne7 7. Bg5 Bxd3 8. Qxd3 Nd7 9. O-O-O Qc7 10. h3 a6 11. g4 c5 12. dxc5 Nxc5 13. Qe3 Nc6 14. Kb1 b5 15. gxh5 Rxh5 16. h4 Rc8 17. Qe2 b4 18.
Nd4 Rh8 19. Nxd5 exd5 20. e6 Nxd4 21. exf7+ Kxf7 22. Rxd4 Ne6 23. Qf3+ Kg8 24. Qxd5 Qxc2+ 25. Ka1 Qc6 26. Qxc6 Rxc6 27. Rg4 Nxg5 28. Rxg5 Rxh4 0-1

[Event "Late-Titled-Tuesday-Blitz-May-14-2024"]
[Site "Chess.com"]
[Date "2024.05.14"]
[Round "1"]
[White "SHIVACalypso"]
[Black "maurovargas01"]
[Result "1-0"]
[WhiteElo "2553"]
[BlackElo "1941"]
[TimeControl "180+1"]
[EndTime "14:05:37 PDT"]
[Termination "SHIVACalypso won on time"]

1. e4 c5 2. Nc3 d6 3. g3 g6 4. Bg2 Bg7 5. f4 a6 6. Nf3 b5 7. O-O Bb7 8. d3 Qb6 9. Be3 Nc6 10. f5 b4 11. Nd5 Qd8 12. fxg6 hxg6 13. Ng5 Nh6 14. Bh3 Bxb2 15. Qf3 O-O 16. Rab1 Bg7 17. Qf4 Nd4 18. Qh4 Bxd5 19. exd5 Nxc2 20. Bd2 Nd4 21. Rbe1 Ndf5 22. Bxf5 gxf5 23. Nh3 1-0

[Event "Late-Titled-Tuesday-Blitz-May-14-2024"]
[Site "Chess.com"]
[Date "2024.05.14"]
[Round "1"]
[White "karinachess1"]
[Black "NCchamp"]
[Result "1-0"]
[WhiteElo "2631"]
[BlackElo "2312"]
[TimeControl "180+1"]
[EndTime "14:05:41 PDT"]
[Termination "karinachess1 won by resignation"]

1. d4 d5 2. c4 dxc4 3. Nf3 a6 4. e4 b5 5. a4 Bb7 6. e5 e6 7. Nc3 Bb4 8. Be3 Ne7 9. Be2 O-O 10. O-O Bxc3 11. bxc3 Nd5 12. Bd2 Nd7 13. Qc2 N7b6 14. Ng5 g6 15. a5 Nd7 16. Ne4 Ne7 17. Bf3 Bxe4 18. Qxe4 Nd5 19. Qg4 c6 20. h4 h5 21.
Qg3 Kh7 22. Be4 Rg8 23. Bg5 f6 24. exf6 N7xf6 25. Qf3 Qf8 26. Bxf6 Nxf6 27. Bxc6 Rb8 28. Rae1 Qf7 29. Re5 Rgf8 30. Be4 Nxe4 31. Qxe4 Rfe8 32. Rxh5+ Kg7 33. Qe5+ Qf6 34. Rh7+ Kxh7 35. Qxf6 1-0

[Event "Late-Titled-Tuesday-Blitz-May-14-2024"]
[Site "Chess.com"]
[Date "2024.05.14"]
[Round "1"]
[White "2346PL"]
[Black "lluiss"]
[Result "1-0"]
[WhiteElo "2582"]
[BlackElo "2208"]
[TimeControl "180+1"]
[EndTime "14:05:44 PDT"]
[Termination "2346PL won on time"]

1. d4 Nf6 2. Bg5 e6 3. Nd2 c5 4.
c3 b6 5. e4 h6 6. Bxf6 Qxf6 7.
Bd3 Bb7 8. Ngf3 Qd8 9. O-O Be7 10. Qe2 d6 11. e5 Nc6 12. a3 Qc7 13. b4 dxe5 14. dxe5 Rd8 15. Rfd1 Rd5 16. Be4 Rxe5 17. Bxc6+ Qxc6 18. Qxe5 O-O 19. Qe2 Bf6 20. Rac1 Re8 21. b5 Qd5 22. c4 Qh5 23. Nf1 1-0

[Event "Late-Titled-Tuesday-Blitz-May-14-2024"]
[Site "Chess.com"]
[Date "2024.05.14"]
[Round "1"]
[White "PawnEatingZombie"]
[Black "secretworker2027"]
[Result "0-1"]
[WhiteElo "2295"]
[BlackElo "2618"]
[TimeControl "180+1"]
[EndTime "14:05:45 PDT"]
[Termination "secretworker2027 won by resignation"]

1. e4 c6 2. Nf3 d5 3. d3 Bg4 4.
h3 Bxf3 5. Qxf3 e6 6. g3 g6 7.
Bg2 Bg7 8. O-O Ne7 9. c3 O-O 10. Re1 Nd7 11. a4 Nc5 12. exd5 cxd5 13. d4 Nb3 14. Ra3 Nxc1 15. Rxc1 Rc8 16. Rb3 Bxd4 17. Rxb7 Bb6 18. Qf6 Nf5 19. Qxd8 Rfxd8 20. Kf1 Nd6 21.
a5 Nxb7 22. axb6 axb6 23. Na3 Nc5 24. Rd1 Na4 25. Rd2 Ra8 26. Nb5 Nc5 27. h4 Ra1+ 28. Ke2 Nb3 29. Rd1 Rxd1 30. Kxd1 d4 31. Kc2 d3+ 32. Kxb3 d2 33. Bf3 d1=Q+ 34. Bxd1 Rxd1 35. Nd4 e5 36. Nc6 e4 37. c4 Rd2 38. Kc3 Rxf2 39. b4 e3 40. Kd3 e2 41. Kd2 Kf8 42.
c5 bxc5 43. b5 e1=Q+ 44. Kxe1 Rb2 45. Na7 Ke7 46. Kd1 Kd6 47. Kc1 Rb4 48. Kc2 Kc7 49. Kc3 f5 0-1

[Event "Late-Titled-Tuesday-Blitz-May-14-2024"]
[Site "Chess.com"]
[Date "2024.05.14"]
[Round "1"]
[White "Cherepov_Alexej"]
[Black "ReadySkate"]
[Result "0-1"]
[WhiteElo "2412"]
[BlackElo "2737"]
[TimeControl "180+1"]
[EndTime "14:05:50 PDT"]
[Termination "ReadySkate won by resignation"]

1. d4 Nf6 2. c4 g6 3. Nc3 d5 4. Nf3 Bg7 5. Bg5 Ne4 6. cxd5 Nxg5 7. Nxg5 e6 8. Qa4+ c6 9. dxc6 Nxc6 10. Nf3 Bd7 11.
Qd1 Qb6 12. Qd2 Nxd4 13. Nxd4 Bxd4 14. O-O-O e5 15. e3 Bg4 16. Bb5+ Kf8 17. exd4 Bxd1 18.
Rxd1 exd4 19. Qxd4 Qxd4 20. Rxd4 a6 21. Bc4 Rc8 22.
Bb3 Rc7 23. Rd8+ Kg7 24. Rxh8 Kxh8 25. Kd2 Kg7 26. Nd5 Rd7 27. Ke3 Rd6 28. Kd4 Rc6 29. a4 Rc1 30. h4 Rf1 31. Ne3 Rxf2 32. Bc2 f5 33. Ke5 f4 0-1

[Event "Late-Titled-Tuesday-Blitz-May-14-2024"]
[Site "Chess.com"]
[Date "2024.05.14"]
[Round "1"]
[White "banane_verte"]
[Black "sillypiggy2024"]
[Result "1-0"]
[WhiteElo "2552"]
[BlackElo "1727"]
[TimeControl "180+1"]
[EndTime "14:05:51 PDT"]
[Termination "banane_verte won on time"]

1. e4 c6 2. d4 d5 3. Nd2 dxe4 4. Nxe4 Bf5 5. Ng3 Bg6 6. h4 h6 7. Nf3 Nd7 8. h5 Bh7 9. Bd3 Bxd3 10. Qxd3 e6 11. Bf4 Bb4+ 12. c3 Be7 13. Ne4 Ndf6 14. O-O-O Nxe4 15. Qxe4 Nf6 16. Qe2 b5 17. Ne5 Qb6 18.
Rhe1 Nd5 19. Bh2 Bg5+ 20. Kb1 Ne7 21. g4 a5 22. f4 Bf6 23. Nxf7 Kxf7 24. Qxe6+ Ke8 25. g5 hxg5 26. fxg5 Bxg5 27. Bd6 Rf8 28. Bxe7 1-0

[Event "Late-Titled-Tuesday-Blitz-May-14-2024"]
[Site "Chess.com"]
[Date "2024.05.14"]
[Round "1"]
[White "LuckIsMySkill"]
[Black "Kombinator01"]
[Result "1-0"]
[WhiteElo "2696"]
[BlackElo "2370"]
[TimeControl "180+1"]
[EndTime "14:05:52 PDT"]
[Termination "LuckIsMySkill won by resignation"]

1. Nf3 d5 2. c4 e6 3. e3 Nf6 4. b3 c5 5. Bb2 Nc6 6. cxd5 exd5 7. d4 cxd4 8. Nxd4 Bd6 9. Be2 O-O 10. O-O Re8 11.
Nc3 a6 12. Rc1 Bc7 13. Bf3 Qd6 14. g3 Bh3 15. Bg2 Bxg2 16. Kxg2 Rad8 17. Nxc6 bxc6 18. Qf3 Ne4 19. Nxe4 dxe4 20. Qg4 f6 21. Rfd1 Qe7 22. Rxc6 Rxd1 23. Qxd1 Rd8 24. Qc2 Be5 25. Qc4+ Kh8 26. Qxe4 h6 27. Bxe5 fxe5 28. Rxa6 Rf8 29. Ra8 Rxa8 30.
Qxa8+ Kh7 31. Qe4+ g6 32. a4 Qc5 33. b4 Qb6 34. h4 h5 35. a5 Qb5 36. a6 Qxa6 37.
Qd5 Qb6 38. b5 e4 39. Qc6 Qb8 40. b6 Qe5 41. Qc7+ 1-0

[Event "Late-Titled-Tuesday-Blitz-May-14-2024"]
[Site "Chess.com"]
[Date "2024.05.14"]
[Round "1"]
[White "Durarbayli"]
[Black "WindWhistler11"]
[Result "1-0"]
[WhiteElo "2948"]
[BlackElo "2523"]
[TimeControl "180+1"]
[EndTime "14:05:53 PDT"]
[Termination "Durarbayli won by resignation"]

1. e4 e6 2. d4 d5 3. exd5 exd5 4. h3 Nc6 5. Nf3 Bd6 6. c4 Nf6 7. c5 Be7 8. Bb5 Bd7 9. O-O O-O 10. Nc3 b6 11.
Qa4 a6 12. Bxc6 b5 13. Bxb5 axb5 14. Qb3 c6 15. Re1 h6 16. Bf4 Be6 17. Ne5 Qc8 18. a4 bxa4 19. Nxa4 Qe8 20. Qb7 Qc8 21. Qxe7 Re8 22.
Qd6 1-0

[Event "Late-Titled-Tuesday-Blitz-May-14-2024"]
[Site "Chess.com"]
[Date "2024.05.14"]
[Round "1"]
[White "emiliocordova"]
[Black "joksijoksi"]
[Result "1/2-1/2"]
[WhiteElo "2898"]
[BlackElo "2518"]
[TimeControl "180+1"]
[EndTime "14:05:53 PDT"]
[Termination "Game drawn by repetition"]

1. d4 d5 2. Nf3 Nf6 3. c4 c6 4. e3 Bf5 5. Nc3 e6 6. Nh4 Be4 7. f3 Bg6 8. Qb3 Qc7 9. Bd2 Nbd7 10.
Rc1 Qb6 11. c5 Qc7 12. f4 Ne4 13. Nxg6 Nxd2 14. Kxd2 hxg6 15. g3 f5 16. Bg2 Nf6 17. Bf3 Be7 18. Kc2 Kd7 19. Kb1 Rh3 20. Bg2 Rh5 21. Nd1 Rah8 22. h4 Ng4 23. Bf3 g5 24. Bxg4 fxg4 25. Nf2 gxh4 26. Nxg4 hxg3 27. Ne5+ Kc8 28.
Rxh5 Rxh5 29. Qd1 Rh2 30. Qg4 Rh6 31. Qxg7 Rf6 32. Qxg3 Bd8 33. Qg8 Rh6 34. Rg1 Qa5 35. Nf7 Rh2 36. a3 Rxb2+ 37. Kxb2 Qd2+ 38. Kb1 Qd3+ 39. Kc1 Qc3+ 40. Kd1 Qd3+ 41. Ke1 Qxe3+ 42. Kf1 Qf3+ 43. Ke1 Qe3+ 44. Kd1 Qd3+ 45. Kc1 Qc3+ 46. Kd1 Qd3+ 47. Kc1 Qc3+ 48. Kd1 Qd3+ 1/2-1/2

[Event "Late-Titled-Tuesday-Blitz-May-14-2024"]
[Site "Chess.com"]
[Date "2024.05.14"]
[Round "1"]
[White "SandwichOSaumon"]
[Black "Dolphin_2010"]
[Result "0-1"]
[WhiteElo "2320"]
[BlackElo "2639"]
[TimeControl "180+1"]
[EndTime "14:05:54 PDT"]
[Termination "Dolphin_2010 won by resignation"]

1. Nf3 d5 2. e3 Nf6 3. c4 c6 4. Nc3 g6 5. b3 Bg7 6. Bb2 O-O 7. g3 Bg4 8. Bg2 Nbd7 9. h3 Bxf3 10. Qxf3 Ne5 11. Qe2 dxc4 12. O-O Qd3 13. bxc4 Qxe2 14. Nxe2 Nxc4 15. Bc3 Rfd8 16. Rab1 Rd7 17. Rfc1 Nb6 18. d4 e6 19. Nf4 Nfd5 20. Nd3 Nxc3 21. Rxc3 Bf8 22.
h4 h5 23. Nb2 Re8 24. Rb3 e5 25. dxe5 Rxe5 26. Nd3 Ra5 27. R1b2 c5 28. Ne5 Rd1+ 29.
Kh2 Bg7 30. f4 c4 31. Rc3 Bxe5 32. fxe5 Na4 33. Rcc2 Nxb2 34. e6 Nd3 35. Rxc4 fxe6 0-1

[Event "Late-Titled-Tuesday-Blitz-May-14-2024"]
[Site "Chess.com"]
[Date "2024.05.14"]
[Round "1"]
[White "Ali_rastbod"]
[Black "PapaieDudu"]
[Result "1-0"]
[WhiteElo "2705"]
[BlackElo "2374"]
[TimeControl "180+1"]
[EndTime "14:05:56 PDT"]
[Termination "Ali_rastbod won on time"]

1. e4 c5 2. Nc3 a6 3. g3 e6 4.
Bg2 Nc6 5. f4 g6 6. e5 Nge7 7.
Ne4 Nd5 8. Nf3 Be7 9. d3 b5 10.
c4 Nb6 11. Qe2 Bb7 12. Be3 bxc4 13. dxc4 Na4 14. b3 Nb4 15. Nfd2 Nc2+ 16. Kf2 Nxa1 17. Rxa1 Nb6 18. Nd6+ Bxd6 19. Bxb7 Be7 20. Bxa8 Nxa8 21.
Qf3 O-O 22. Ne4 f6 23. exf6 Bxf6 24. Rd1 1-0

[Event "Late-Titled-Tuesday-Blitz-May-14-2024"]
[Site "Chess.com"]
[Date "2024.05.14"]
[Round "1"]
[White "Nechitaylo_Nikita"]
[Black "Flawless_Fighter"]
[Result "0-1"]
[WhiteElo "2351"]
[BlackElo "2671"]
[TimeControl "180+1"]
[EndTime "14:05:56 PDT"]
[Termination "Flawless_Fighter won on time"]

1. d4 Nf6 2. c4 e6 3. Nc3 d5 4.
cxd5 Nxd5 5. e4 Nxc3 6. bxc3 c5 7. Rb1 Be7 8. Nf3 O-O 9. Bd3 b6 10. O-O Bb7 11. Be3 Nd7 12. a4 Qc7 13. a5 bxa5 14. Qd2 Rab8 15. Bf4 Bd6 16. e5 Be7 17. Qc2 Bxf3 18.
gxf3 g6 19. h4 Rfc8 20. h5 Kg7 21. Kg2 cxd4 22. hxg6 Rxb1 23. Rxb1 hxg6 24. c4 Rh8 25.
Rh1 Rxh1 26. Kxh1 Nxe5 27. Qe2 Bd6 28. Bxe5+ Bxe5 29. Qe4 Qc5 30. Kg2 Bd6 31. Bc2 Qxc4 32. Qd3 Qxd3 33. Bxd3 a4 34. Bc4 a3 35. Kf1 e5 36.
Ke2 f5 37. Kd3 Kf6 38. f4 a5 39. fxe5+ Kxe5 40. Ke2 Kf4 41. Kd3 Bc5 42. Ke2 g5 43. Bf7 Ke4 44. Bg6 d3+ 45. Kd2 g4 46. Bf7 Bxf2 47.
Be6 g3 48. Bc8 a2 49. Be6 a1=Q 50. Bxf5+ Kd4 0-1